Drummondville Voltigeurs vs Rochester Americans

Created - 10 avril 2024 at 09:43

Goals
1 2 3 T
Drummondville Voltigeurs 0 0 2 2
Rochester Americans 1 1 1 3
Shots
1 2 3 T
Drummondville Voltigeurs 9 12 10 31
Rochester Americans 21 6 4 31

GoalsPenalties
1st period
1. Rochester Americans , Jesper Froden 51 (Joe Snively 42, Joshua Dunne 30) at 11:22
Michael Eyssimont (AMR) for Fighting (Major) at 1:04
Brady Lyle (VOL) for Fighting (Major) at 1:04
Michael Eyssimont (AMR) for instigated a fight (Minor) at 1:04
Michael Eyssimont (AMR) for instigated a fight (10 Minutes Misconduct) at 1:04
2nd period
2. Rochester Americans , Seth Griffith 67 (Gavin Bayreuther 63) at 10:50
Markus Niemelainen (VOL) for Roughing (Minor) at 2:47
Michal Teply (VOL) for Interference (Minor) at 15:43
3rd period
3. Drummondville Voltigeurs , Martin Chromiak 32 (Gage Goncalves 41, Simon Nemec 33) at 8:41
4. Rochester Americans , Jacob Lucchini 51 (Michael Pezzetta 38) at 11:51
5. Drummondville Voltigeurs , Jean-Sebastien Dea 65 (Boris Katchouk 101, Pierre-Olivier Joseph 68) at 12:15
Xavier Ouellet (VOL) for Holding (Minor) at 0:43
Jack St. Ivany (AMR) for Kneeing (Minor) at 12:22
Goalie Stats
Arturs Silovs (VOL), 28 saves from 31 shots - (0,903), L, 19-6-3, 59:01 minutes
Alex Nedeljkovic (AMR), 29 saves from 31 shots - (0,935), W, 23-17-0, 60:00 minutes
3 StarsOfficial
1 - Jesper Froden (AMR)
2 - Jacob Lucchini (AMR)
3 - Seth Griffith (AMR)
Referees : Stephen Hiff and Chris Schlenker
Linesman : Jaime Alary and Justin Cornell
Game Note
Michael Eyssimont and Brady Lyle fight to a draw at 1:04 of 1st period
7:41 of 2nd period - Drummondville Voltigeurs goal is going for a video replay. After video review, No Goal. The puck has entered the net after making contact with an attacking player’s stick that is above the height of the crossbar.
Finance
Level 1 -- Attendance: 1555 (77,75%) -- Ticket Income $54,425
Level 2 -- Attendance: 982 (98,20%) -- Ticket Income $14,730
Total Attendance: 2537 (84,57%)
Total Ticket Income: $69,155
Other Income: $33,886
Total Income: $103,041



Team Name Goals Shots Shots Attemp Shots Blocked PIM HIT PP PK FO%
Drummondville Voltigeurs 23173811220 / 2 (0%)039%
Rochester Americans 331601019230 / 3 (0%)061%

Drummondville Voltigeurs
Player Name POS G A P +/- PIM HIT SHT SB MP PP MP PP SHT PK MP PK SHT FO% FOT GA TA
Boris KatchoukLW0110033022:562:4002:5700% 111
Brady LyleD0001530014:010:0000:4600% 002
Gage GoncalvesC0110024012:540:0500:4400% 501
Jake NeighboursLW0000012015:441:1301:210100% 100
Jean-Sebastien DeaC1010023023:162:4503:06045% 3100
Julien GauthierRW0000006019:552:4010:0000% 320
Kevin RooneyC/LW0000031116:521:1302:35042% 1210
Kristian ReichelC000-102107:440:0000:0000% 010
Markus NiemelainenD000-3210117:401:2101:0100% 010
Martin ChromiakRW1010022111:420:0000:000100% 100
Michal TeplyLW/RW0000202013:090:0501:1100% 000
Mitchell ChaffeeRW000-101107:440:0000:0000% 000
Pierre-Olivier JosephD0111013125:052:3703:1900% 012
Sampo RantaLW/RW000-100107:440:0000:0000% 000
Simon HolmstromRW0000010014:181:1300:0000% 001
Simon NemecD0111000118:000:0001:4200% 000
Ville HeinolaD000-3002120:481:2102:4800% 010
Xavier OuelletD0001200224:272:3702:1800% 000
Rochester Americans
Player Name POS G A P +/- PIM HIT SHT SB MP PP MP PP SHT PK MP PK SHT FO% FOT GA TA
Adam WilsbyD0000010121:132:0602:1200% 001
Arnaud DurandeauLW0000012119:280:1300:49033% 330
Austin StrandD0001000114:230:0000:0000% 000
Brendan BrissonC/LW/RW000002208:580:1900:0000% 000
Gavin BayreutherD0110012225:003:5112:2800% 013
Jack St. IvanyD0000222123:483:5101:0400% 001
Jacob LucchiniC/LW/RW1010014219:063:1400:12033% 900
Jesper FrodenRW1011023015:393:1300:00050% 200
Joe SnivelyLW0111001110:110:1200:0000% 000
John LudvigD0001010014:100:0000:0000% 000
Joshua DunneC0111002013:010:4702:17067% 300
Justin DanforthC/RW0000032010:380:0002:020100% 101
Michael EyssimontC/LW00001732115:051:4900:16067% 1801
Michael PezzettaC/LW0110025017:423:1211:1000% 020
Rhett GardnerC/LW0000020015:432:4500:00072% 1810
Rourke ChartierC0000000010:050:0601:1000% 000
Seth GriffithC/LW/RW1010013020:242:0100:0000% 001
Simon LundmarkD0000011021:262:0602:1200% 000

Drummondville Voltigeurs

5 vs 5 Forward
Line #Left WingCenterRight WingPHYDFOFWanted %Time %Time Play
1Boris KatchoukJean-Sebastien DeaJulien Gauthier1224033%16:18
2Jake NeighboursKevin RooneySimon Holmstrom1223027%13:08
3Michal TeplyGage GoncalvesMartin Chromiak1222024%11:42
4Sampo RantaKristian ReichelMitchell Chaffee1221016%7:44
5 vs 5 Defense
Line #DefenseDefensePHYDFOFWanted %Time %Time Play
1Pierre-Olivier JosephXavier Ouellet1223736%17:21
2Markus NiemelainenVille Heinola1223031%15:19
3Simon NemecBrady Lyle1222329%14:21
4Pierre-Olivier JosephXavier Ouellet122104%1:51
Power Play Forward
Line #Left WingCenterRight WingPHYDFOFWanted %Time %Time Play
1Boris KatchoukJean-Sebastien DeaJulien Gauthier1226069%2:45
2Jake NeighboursKevin RooneySimon Holmstrom1224031%1:13
Power Play Defense
Line #DefenseDefensePHYDFOFWanted %Time %Time Play
1Pierre-Olivier JosephXavier Ouellet1226066%2:37
2Markus NiemelainenVille Heinola1224034%1:21
Penalty Kill 4 Players Forward
Line #CenterWingPHYDFOFWanted %Time %Time Play
1Jean-Sebastien DeaBoris Katchouk1226082%4:54
2Kevin RooneyJake Neighbours1224018%1:03
Penalty Kill 4 Players Defense
Line #DefenseDefensePHYDFOFWanted %Time %Time Play
1Pierre-Olivier JosephXavier Ouellet1226069%4:05
2Markus NiemelainenVille Heinola1224031%1:52
Penalty Kill 3 Players
Line #WingPHYDFOFWanted %Time %Time PlayDefenseDefensePHYDFOFWanted %Time %Time Play
1Jean-Sebastien Dea122600%0:00 Pierre-Olivier JosephXavier Ouellet122600%0:00
2Kevin Rooney122400%0:00 Markus NiemelainenVille Heinola122400%0:00
4 vs 4 Forward
Line #CenterWingPHYDFOFWanted %Time %Time Play
1Jean-Sebastien DeaBoris Katchouk122600%0:00
2Kevin RooneyJake Neighbours122400%0:00
4 vs 4 Defense
Line #DefensePHYDFOFWanted %Time %Time Play
1Pierre-Olivier JosephXavier Ouellet122600%0:00
2Markus NiemelainenVille Heinola122400%0:00
Last Minutes Offensive
Left WingCenterRight WingDefenseDefense
Boris KatchoukJean-Sebastien DeaJulien GauthierPierre-Olivier JosephXavier Ouellet
Last Minutes Defensive
Left WingCenterRight WingDefenseDefense
Boris KatchoukJean-Sebastien DeaJulien GauthierPierre-Olivier JosephXavier Ouellet
Time
Total ForwardTotal DefenseLast Minutes OffensiveLast Minutes Defensive
60:00 60:00 1:130:00
Extra Forwards
Normal PowerPlayPenalty Kill
Kevin Rooney, Gage Goncalves, Michal TeplyKevin Rooney, Gage GoncalvesKevin Rooney
Extra Defensemen
Normal PowerPlayPenalty Kill
Ville Heinola, Simon Nemec, Brady LyleVille Heinola, Ville HeinolaSimon Nemec
Penalty Shots
Boris Katchouk, Julien Gauthier, Jake Neighbours, Jean-Sebastien Dea, Kevin Rooney
Goalie
Arturs Silovs, Unknown Goalie
Scratches
Brandon Davidson (Healthy), Scott Perunovich (Healthy), Blade Jenkins (Healthy), Luke Henman (Healthy), Matt Bartkowski (Healthy) Adam Brubacher (Healthy), Xavier Bouchard (Healthy), Chaz Lucius (Healthy), Zachary Fucale (Healthy), Jaxson Stauber (Exhaustion)

Rochester Americans

5 vs 5 Forward
Line #Left WingCenterRight WingPHYDFOFWanted %Time %Time Play
1Arnaud DurandeauMichael EyssimontSeth Griffith0144034%16:50
2Michael PezzettaRhett GardnerJacob Lucchini1223027%13:26
3Joe SnivelyJoshua DunneJesper Froden1222020%9:59
4Brendan BrissonRourke ChartierJustin Danforth1221018%8:36
5 vs 5 Defense
Line #DefenseDefensePHYDFOFWanted %Time %Time Play
1Gavin BayreutherJack St. Ivany1224036%17:46
2Simon LundmarkAdam Wilsby1223535%16:55
3Austin StrandJohn Ludvig1222529%14:10
4Jack St. IvanySimon Lundmark12200%0:00
Power Play Forward
Line #Left WingCenterRight WingPHYDFOFWanted %Time %Time Play
1Michael PezzettaMichael EyssimontJesper Froden1226050%3:00
2Rhett GardnerSeth GriffithJacob Lucchini1224050%2:57
Power Play Defense
Line #DefenseDefensePHYDFOFWanted %Time %Time Play
1Gavin BayreutherJack St. Ivany1226065%3:51
2Simon LundmarkAdam Wilsby1224035%2:06
Penalty Kill 4 Players Forward
Line #CenterWingPHYDFOFWanted %Time %Time Play
1Joshua DunneJustin Danforth1226071%2:48
2Rourke ChartierMichael Pezzetta1224029%1:10
Penalty Kill 4 Players Defense
Line #DefenseDefensePHYDFOFWanted %Time %Time Play
1Gavin BayreutherJack St. Ivany1226062%2:28
2Simon LundmarkAdam Wilsby1224038%1:30
Penalty Kill 3 Players
Line #WingPHYDFOFWanted %Time %Time PlayDefenseDefensePHYDFOFWanted %Time %Time Play
1Joshua Dunne122600%0:00 Gavin BayreutherJack St. Ivany122600%0:00
2Jacob Lucchini122400%0:00 Simon LundmarkAdam Wilsby122400%0:00
4 vs 4 Forward
Line #CenterWingPHYDFOFWanted %Time %Time Play
1Michael EyssimontMichael Pezzetta122600%0:00
2Seth GriffithRhett Gardner122400%0:00
4 vs 4 Defense
Line #DefensePHYDFOFWanted %Time %Time Play
1Gavin BayreutherJack St. Ivany122600%0:00
2Simon LundmarkAdam Wilsby122400%0:00
Last Minutes Offensive
Left WingCenterRight WingDefenseDefense
Michael PezzettaMichael EyssimontSeth GriffithGavin BayreutherJack St. Ivany
Last Minutes Defensive
Left WingCenterRight WingDefenseDefense
Michael PezzettaMichael EyssimontSeth GriffithGavin BayreutherJack St. Ivany
Time
Total ForwardTotal DefenseLast Minutes OffensiveLast Minutes Defensive
60:00 60:00 0:001:14
Extra Forwards
Normal PowerPlayPenalty Kill
Arnaud Durandeau, Jacob Lucchini, Jesper FrodenArnaud Durandeau, Jacob LucchiniArnaud Durandeau
Extra Defensemen
Normal PowerPlayPenalty Kill
Simon Lundmark, Adam Wilsby, Austin StrandSimon Lundmark, Simon LundmarkAdam Wilsby
Penalty Shots
Michael Eyssimont, Seth Griffith, Michael Pezzetta, Rhett Gardner, Arnaud Durandeau
Goalie
Alex Nedeljkovic, Cory Schneider
Scratches
William Lagesson (Herniated Disc Injury), Anton Blidh (Healthy), Jonathan Aspirot (Healthy), Curtis Douglas (Healthy), Daniil Gushchin (Healthy) Filip Cederqvist (Healthy), Emil Heineman (Healthy)


Play-by-Play

1st period


0:01 of 1st period - Jean-Sebastien Dea wins face-off versus Arnaud Durandeau in neutral zone.
0:10 of 1st period - Snap shot by Julien Gauthier.
0:10 of 1st period - Deflect By Jean-Sebastien Dea.
0:10 of 1st period - Shot Misses the Net.
0:10 of 1st period - Puck is out of play.
0:11 of 1st period - Rhett Gardner wins face-off versus Kevin Rooney in Rochester Americans zone.
0:29 of 1st period - Kevin Rooney is hit by Michael Pezzetta and loses puck.
0:59 of 1st period - Wrist shot by Seth Griffith.
0:59 of 1st period - Stopped by Arturs Silovs without a rebound.
1:00 of 1st period - Michael Eyssimont wins face-off versus Boris Katchouk in Drummondville Voltigeurs zone.
1:04 of 1st period - Michael Eyssimont and Brady Lyle fight to a draw.
1:04 of 1st period - Penalty to Michael Eyssimont for Fighting.
1:04 of 1st period - Penalty to Brady Lyle for Fighting.
1:04 of 1st period - Penalty to Michael Eyssimont for instigated a fight.
1:04 of 1st period - Penalty to Michael Eyssimont for instigated a fight.
1:05 of 1st period - Joshua Dunne wins face-off versus Jean-Sebastien Dea in Drummondville Voltigeurs zone.
2:07 of 1st period - Slapshot by Julien Gauthier.
2:07 of 1st period - Stopped by Alex Nedeljkovic with a rebound.
2:27 of 1st period - Julien Gauthier is hit by Gavin Bayreuther and loses puck.
2:40 of 1st period - Jack St. Ivany is hit by Jake Neighbours and loses puck.
2:51 of 1st period - Michael Pezzetta is hit by Kevin Rooney and loses puck.
3:04 of 1st period - Penalty to Michael Eyssimont is over, Seth Griffith is send on ice.
3:08 of 1st period - Xavier Ouellet is hit by Seth Griffith and loses puck.
3:19 of 1st period - Snap shot by Gage Goncalves.
3:19 of 1st period - Deflect By Michal Teply.
3:19 of 1st period - Shot Misses the Net.
3:19 of 1st period - Puck is out of play.
3:20 of 1st period - Jacob Lucchini wins face-off versus Gage Goncalves in Rochester Americans zone.
3:45 of 1st period - Joshua Dunne is hit by Mitchell Chaffee and loses puck.
4:31 of 1st period - Jacob Lucchini is hit by Kristian Reichel and loses puck.
4:46 of 1st period - Arnaud Durandeau is hit by Markus Niemelainen and loses puck.
5:08 of 1st period - Wrist shot by Justin Danforth.
5:08 of 1st period - Shot Blocked by Simon Nemec.
5:48 of 1st period - Snap shot by Seth Griffith.
5:48 of 1st period - Stopped by Arturs Silovs with a rebound.
6:44 of 1st period - Snap shot by Michael Pezzetta.
6:44 of 1st period - Stopped by Arturs Silovs with a rebound.
6:46 of 1st period - Snap shot by Michael Pezzetta.
6:46 of 1st period - Stopped by Arturs Silovs without a rebound.
6:47 of 1st period - Kevin Rooney wins face-off versus Rhett Gardner in Drummondville Voltigeurs zone.
7:35 of 1st period - Snap shot by Boris Katchouk.
7:35 of 1st period - Stopped by Alex Nedeljkovic with a rebound.
7:37 of 1st period - Wrist shot by Ville Heinola.
7:37 of 1st period - Shot Misses the Net.
7:39 of 1st period - Slapshot by Ville Heinola.
7:39 of 1st period - Stopped by Alex Nedeljkovic with a rebound.
7:41 of 1st period - Slapshot by Ville Heinola.
7:41 of 1st period - Stopped by Alex Nedeljkovic with a rebound.
8:00 of 1st period - Snap shot by Joe Snively.
8:00 of 1st period - Stopped by Arturs Silovs with a rebound.
8:16 of 1st period - Slapshot by Jake Neighbours.
8:16 of 1st period - Stopped by Alex Nedeljkovic with a rebound.
8:18 of 1st period - Slapshot by Xavier Ouellet.
8:18 of 1st period - Shot Misses the Net.
8:40 of 1st period - Snap shot by Gage Goncalves.
8:40 of 1st period - Stopped by Alex Nedeljkovic with a rebound.
8:50 of 1st period - Justin Danforth is hit by Boris Katchouk and loses puck.
9:19 of 1st period - Icing by Seth Griffith.
9:20 of 1st period - Jesper Froden wins face-off versus Jean-Sebastien Dea in Rochester Americans zone.
10:12 of 1st period - Slapshot by Joshua Dunne.
10:12 of 1st period - Stopped by Arturs Silovs without a rebound.
10:13 of 1st period - Joshua Dunne wins face-off versus Jean-Sebastien Dea in Drummondville Voltigeurs zone.
10:40 of 1st period - Boris Katchouk is hit by Jack St. Ivany and loses puck.
11:14 of 1st period - Wrist shot by Joshua Dunne.
11:14 of 1st period - Shot Misses the Net.
11:16 of 1st period - Wrist shot by Joe Snively.
11:16 of 1st period - Shot Blocked by Ville Heinola.
11:22 of 1st period - Wrist shot by Jesper Froden.
11:22 of 1st period - Goal by Jesper Froden - Drummondville Voltigeurs : 0 - Rochester Americans : 1.
11:23 of 1st period - Kevin Rooney wins face-off versus Jacob Lucchini in neutral zone.
11:36 of 1st period - Snap shot by Jake Neighbours.
11:36 of 1st period - Shot Misses the Net.
11:38 of 1st period - Wrist shot by Jake Neighbours.
11:38 of 1st period - Stopped by Alex Nedeljkovic with a rebound.
11:48 of 1st period - Xavier Ouellet is hit by Justin Danforth and loses puck.
11:53 of 1st period - Wrist shot by Justin Danforth.
11:53 of 1st period - Stopped by Arturs Silovs with a rebound.
11:55 of 1st period - Slapshot by Jack St. Ivany.
11:55 of 1st period - Shot Misses the Net.
11:57 of 1st period - Wrist shot by Brendan Brisson.
11:57 of 1st period - Deflect By Justin Danforth.
11:57 of 1st period - Shot Blocked by Martin Chromiak.
11:57 of 1st period - Puck is out of play.
11:58 of 1st period - Rhett Gardner wins face-off versus Kevin Rooney in Drummondville Voltigeurs zone.
12:07 of 1st period - Snap shot by Michael Pezzetta.
12:07 of 1st period - Shot Misses the Net.
12:09 of 1st period - Slapshot by Jack St. Ivany.
12:09 of 1st period - Stopped by Arturs Silovs with a rebound.
12:11 of 1st period - Slapshot by Jacob Lucchini.
12:11 of 1st period - Stopped by Arturs Silovs without a rebound.
12:12 of 1st period - Jean-Sebastien Dea wins face-off versus Jacob Lucchini in Drummondville Voltigeurs zone.
12:23 of 1st period - Pierre-Olivier Joseph is hit by Simon Lundmark and loses puck.
12:38 of 1st period - Adam Wilsby is hit by Kevin Rooney and loses puck.
12:49 of 1st period - Wrist shot by Kevin Rooney.
12:49 of 1st period - Shot Misses the Net.
12:51 of 1st period - Snap shot by Jake Neighbours.
12:51 of 1st period - Shot Blocked by Joe Snively.
13:13 of 1st period - Snap shot by Sampo Ranta.
13:13 of 1st period - Stopped by Alex Nedeljkovic with a rebound.
14:12 of 1st period - Kevin Rooney is hit by Justin Danforth and loses puck.
14:29 of 1st period - Wrist shot by Justin Danforth.
14:29 of 1st period - Shot Misses the Net.
14:37 of 1st period - Snap shot by Justin Danforth.
14:37 of 1st period - Stopped by Arturs Silovs with a rebound.
14:39 of 1st period - Slapshot by Gavin Bayreuther.
14:39 of 1st period - Deflect By Simon Holmstrom.
14:39 of 1st period - Stopped by Arturs Silovs without a rebound.
14:40 of 1st period - Rhett Gardner wins face-off versus Jean-Sebastien Dea in Drummondville Voltigeurs zone.
14:45 of 1st period - Slapshot by Jacob Lucchini.
14:45 of 1st period - Stopped by Arturs Silovs without a rebound.
14:46 of 1st period - Rhett Gardner wins face-off versus Jean-Sebastien Dea in Drummondville Voltigeurs zone.
14:49 of 1st period - Snap shot by Michael Pezzetta.
14:49 of 1st period - Stopped by Arturs Silovs with a rebound.
14:53 of 1st period - Snap shot by Jacob Lucchini.
14:53 of 1st period - Stopped by Arturs Silovs with a rebound.
14:57 of 1st period - Wrist shot by Michael Pezzetta.
14:57 of 1st period - Shot Blocked by Xavier Ouellet.
14:59 of 1st period - Snap shot by John Ludvig.
14:59 of 1st period - Shot Blocked by Xavier Ouellet.
15:01 of 1st period - Slapshot by Austin Strand.
15:01 of 1st period - Deflect By Jacob Lucchini.
15:01 of 1st period - Shot Misses the Net.
15:01 of 1st period - Puck is out of play.
15:02 of 1st period - Jacob Lucchini wins face-off versus Kevin Rooney in Drummondville Voltigeurs zone.
15:03 of 1st period - Slapshot by Arnaud Durandeau.
15:03 of 1st period - Stopped by Arturs Silovs with a rebound.
15:05 of 1st period - Snap shot by Jacob Lucchini.
15:05 of 1st period - Shot Misses the Net.
15:09 of 1st period - Snap shot by Seth Griffith.
15:09 of 1st period - Shot Misses the Net.
15:11 of 1st period - Wrist shot by Arnaud Durandeau.
15:11 of 1st period - Shot Misses the Net.
15:13 of 1st period - Snap shot by Jacob Lucchini.
15:13 of 1st period - Shot Misses the Net.
15:36 of 1st period - Snap shot by Joe Snively.
15:36 of 1st period - Deflect By Joshua Dunne.
15:36 of 1st period - Stopped by Arturs Silovs without a rebound.
15:37 of 1st period - Jean-Sebastien Dea wins face-off versus Jacob Lucchini in Drummondville Voltigeurs zone.
15:48 of 1st period - Jean-Sebastien Dea is hit by Jacob Lucchini and loses puck.
16:04 of 1st period - 10 Minutes Misconduct Penalty to Michael Eyssimont is over.
16:08 of 1st period - Backhand shot by Jesper Froden.
16:08 of 1st period - Shot Blocked by Kevin Rooney.
16:10 of 1st period - Slapshot by Jesper Froden.
16:10 of 1st period - Stopped by Arturs Silovs without a rebound.
16:11 of 1st period - Michael Eyssimont wins face-off versus Kevin Rooney in Drummondville Voltigeurs zone.
16:22 of 1st period - Snap shot by Arnaud Durandeau.
16:22 of 1st period - Stopped by Arturs Silovs with a rebound.
16:36 of 1st period - Gavin Bayreuther is hit by Boris Katchouk and loses puck.
17:05 of 1st period - Michal Teply is hit by Jesper Froden and loses puck.
17:57 of 1st period - Wrist shot by Jean-Sebastien Dea.
17:57 of 1st period - Shot Misses the Net.
17:59 of 1st period - Wrist shot by Boris Katchouk.
17:59 of 1st period - Shot Misses the Net.
18:01 of 1st period - Snap shot by Julien Gauthier.
18:01 of 1st period - Stopped by Alex Nedeljkovic without a rebound.
18:02 of 1st period - Michael Eyssimont wins face-off versus Jean-Sebastien Dea in Rochester Americans zone.
18:07 of 1st period - Julien Gauthier is hit by Michael Eyssimont and loses puck.
18:12 of 1st period - Wrist shot by Michael Eyssimont.
18:12 of 1st period - Stopped by Arturs Silovs with a rebound.
18:14 of 1st period - Slapshot by Simon Lundmark.
18:14 of 1st period - Stopped by Arturs Silovs without a rebound.
18:15 of 1st period - Rhett Gardner wins face-off versus Jean-Sebastien Dea in Drummondville Voltigeurs zone.
19:06 of 1st period - Slapshot by Martin Chromiak.
19:06 of 1st period - Shot Misses the Net.
19:59 of 1st period - Slapshot by Michael Pezzetta.
19:59 of 1st period - Shot Misses the Net.
Goals for this period are 0 for Drummondville Voltigeurs vs 1 for Rochester Americans.
Shots for this period are 9 for Drummondville Voltigeurs vs 21 for Rochester Americans.

2nd period


0:01 of 2nd period - Michael Eyssimont wins face-off versus Julien Gauthier in neutral zone.
0:08 of 2nd period - Wrist shot by Michael Eyssimont.
0:08 of 2nd period - Stopped by Arturs Silovs without a rebound.
0:09 of 2nd period - Jean-Sebastien Dea wins face-off versus Michael Eyssimont in Drummondville Voltigeurs zone.
1:06 of 2nd period - Wrist shot by Jean-Sebastien Dea.
1:06 of 2nd period - Shot Misses the Net.
1:10 of 2nd period - Wrist shot by Boris Katchouk.
1:10 of 2nd period - Shot Misses the Net.
1:12 of 2nd period - Wrist shot by Boris Katchouk.
1:12 of 2nd period - Stopped by Alex Nedeljkovic with a rebound.
1:14 of 2nd period - Wrist shot by Boris Katchouk.
1:14 of 2nd period - Shot Misses the Net.
1:16 of 2nd period - Snap shot by Julien Gauthier.
1:16 of 2nd period - Stopped by Alex Nedeljkovic with a rebound.
1:42 of 2nd period - Snap shot by Michael Eyssimont.
1:42 of 2nd period - Deflect By Arnaud Durandeau.
1:42 of 2nd period - Shot Misses the Net.
1:42 of 2nd period - Puck is out of play.
1:43 of 2nd period - Rhett Gardner wins face-off versus Kevin Rooney in Drummondville Voltigeurs zone.
1:54 of 2nd period - Wrist shot by Michael Pezzetta.
1:54 of 2nd period - Shot Misses the Net.
1:58 of 2nd period - Snap shot by Jacob Lucchini.
1:58 of 2nd period - Shot Misses the Net.
2:15 of 2nd period - Backhand shot by Martin Chromiak.
2:15 of 2nd period - Stopped by Alex Nedeljkovic without a rebound.
2:16 of 2nd period - Rhett Gardner wins face-off versus Gage Goncalves in Rochester Americans zone.
2:47 of 2nd period - Minor Penalty to Markus Niemelainen for Roughing.
2:48 of 2nd period - Michael Eyssimont wins face-off versus Jean-Sebastien Dea in Drummondville Voltigeurs zone.
4:06 of 2nd period - Ville Heinola is hit by Michael Eyssimont and loses puck.
4:25 of 2nd period - Jake Neighbours is hit by Rhett Gardner and loses puck.
4:47 of 2nd period - Penalty to Markus Niemelainen is over, Markus Niemelainen is back on ice.
5:00 of 2nd period - Mitchell Chaffee is hit by Justin Danforth and loses puck.
5:27 of 2nd period - Wrist shot by Arnaud Durandeau.
5:27 of 2nd period - Shot Misses the Net.
6:15 of 2nd period - Joe Snively is hit by Brady Lyle and loses puck.
6:43 of 2nd period - Rhett Gardner is hit by Brady Lyle.
7:03 of 2nd period - Wrist shot by Mitchell Chaffee.
7:03 of 2nd period - Stopped by Alex Nedeljkovic with a rebound.
7:11 of 2nd period - Wrist shot by Kristian Reichel.
7:11 of 2nd period - Stopped by Alex Nedeljkovic with a rebound.
7:33 of 2nd period - Snap shot by Brendan Brisson.
7:33 of 2nd period - Stopped by Arturs Silovs without a rebound.
7:34 of 2nd period - Kevin Rooney wins face-off versus Rhett Gardner in Drummondville Voltigeurs zone.
7:39 of 2nd period - Slapshot by Ville Heinola.
7:39 of 2nd period - Shot Misses the Net.
7:41 of 2nd period - Wrist shot by Kevin Rooney.
7:41 of 2nd period - Drummondville Voltigeurs goal is going for a video replay.
7:41 of 2nd period - The goal is refused. The puck has entered the net after making contact with an attacking player’s stick that is above the height of the crossbar..
7:42 of 2nd period - Jake Neighbours wins face-off versus Jacob Lucchini in Rochester Americans zone.
7:48 of 2nd period - Icing by Adam Wilsby.
7:49 of 2nd period - Rhett Gardner wins face-off versus Jean-Sebastien Dea in Rochester Americans zone.
8:02 of 2nd period - Jacob Lucchini is hit by Jean-Sebastien Dea and loses puck.
8:12 of 2nd period - Icing by Adam Wilsby.
8:13 of 2nd period - Michael Eyssimont wins face-off versus Kevin Rooney in Rochester Americans zone.
8:27 of 2nd period - Off-side.
8:28 of 2nd period - Jean-Sebastien Dea wins face-off versus Rhett Gardner in neutral zone.
8:31 of 2nd period - Snap shot by Julien Gauthier.
8:31 of 2nd period - Shot Misses the Net.
8:33 of 2nd period - Slapshot by Boris Katchouk.
8:33 of 2nd period - Shot Blocked by Jacob Lucchini.
8:35 of 2nd period - Slapshot by Xavier Ouellet.
8:35 of 2nd period - Shot Blocked by Jacob Lucchini.
8:37 of 2nd period - Snap shot by Boris Katchouk.
8:37 of 2nd period - Shot Misses the Net.
8:53 of 2nd period - Rhett Gardner is hit by Martin Chromiak and loses puck.
9:24 of 2nd period - Icing by Rhett Gardner.
9:25 of 2nd period - Jean-Sebastien Dea wins face-off versus Rhett Gardner in Rochester Americans zone.
9:36 of 2nd period - Slapshot by Boris Katchouk.
9:36 of 2nd period - Stopped by Alex Nedeljkovic with a rebound.
9:38 of 2nd period - Snap shot by Julien Gauthier.
9:38 of 2nd period - Stopped by Alex Nedeljkovic without a rebound.
9:39 of 2nd period - Jean-Sebastien Dea wins face-off versus Michael Eyssimont in Rochester Americans zone.
10:04 of 2nd period - Joe Snively is hit by Kevin Rooney and loses puck.
10:35 of 2nd period - Gage Goncalves is hit by John Ludvig and loses puck.
10:50 of 2nd period - Snap shot by Seth Griffith.
10:50 of 2nd period - Deflect By Markus Niemelainen.
10:50 of 2nd period - Goal by Seth Griffith - Drummondville Voltigeurs : 0 - Rochester Americans : 2.
10:51 of 2nd period - Michael Eyssimont wins face-off versus Jean-Sebastien Dea in neutral zone.
11:03 of 2nd period - Pierre-Olivier Joseph is hit by Michael Eyssimont and loses puck.
11:57 of 2nd period - Slapshot by Brendan Brisson.
11:57 of 2nd period - Stopped by Arturs Silovs with a rebound.
12:05 of 2nd period - Kristian Reichel is hit by Brendan Brisson and loses puck.
12:26 of 2nd period - Wrist shot by Julien Gauthier.
12:26 of 2nd period - Stopped by Alex Nedeljkovic with a rebound.
13:24 of 2nd period - Snap shot by Jean-Sebastien Dea.
13:24 of 2nd period - Shot Misses the Net.
13:26 of 2nd period - Snap shot by Jean-Sebastien Dea.
13:26 of 2nd period - Stopped by Alex Nedeljkovic without a rebound.
13:27 of 2nd period - Kevin Rooney wins face-off versus Michael Eyssimont in Rochester Americans zone.
13:28 of 2nd period - Snap shot by Jake Neighbours.
13:28 of 2nd period - Shot Hit the Post.
13:56 of 2nd period - Wrist shot by Michael Eyssimont.
13:56 of 2nd period - Shot Blocked by Markus Niemelainen.
14:02 of 2nd period - Boris Katchouk is hit by Adam Wilsby and loses puck.
14:17 of 2nd period - Mitchell Chaffee is hit by Arnaud Durandeau.
14:25 of 2nd period - Slapshot by Pierre-Olivier Joseph.
14:25 of 2nd period - Shot Misses the Net.
14:39 of 2nd period - Wrist shot by Martin Chromiak.
14:39 of 2nd period - Shot Blocked by Adam Wilsby.
14:41 of 2nd period - Slapshot by Xavier Ouellet.
14:41 of 2nd period - Shot Blocked by Michael Eyssimont.
14:43 of 2nd period - Snap shot by Michal Teply.
14:43 of 2nd period - Shot Misses the Net.
14:45 of 2nd period - Slapshot by Gage Goncalves.
14:45 of 2nd period - Stopped by Alex Nedeljkovic with a rebound.
15:05 of 2nd period - Snap shot by Jake Neighbours.
15:05 of 2nd period - Shot Misses the Net.
15:25 of 2nd period - Simon Lundmark is hit by Brady Lyle and loses puck.
15:43 of 2nd period - Minor Penalty to Michal Teply for Interference.
15:44 of 2nd period - Jean-Sebastien Dea wins face-off versus Jacob Lucchini in Drummondville Voltigeurs zone.
15:53 of 2nd period - Off-side.
15:54 of 2nd period - Jacob Lucchini wins face-off versus Jean-Sebastien Dea in neutral zone.
16:10 of 2nd period - Snap shot by Michael Pezzetta.
16:10 of 2nd period - Stopped by Arturs Silovs with a rebound.
16:32 of 2nd period - Slapshot by Gavin Bayreuther.
16:32 of 2nd period - Stopped by Arturs Silovs without a rebound.
16:33 of 2nd period - Kevin Rooney wins face-off versus Jacob Lucchini in Drummondville Voltigeurs zone.
16:42 of 2nd period - Jacob Lucchini is hit by Jean-Sebastien Dea and loses puck.
17:43 of 2nd period - Penalty to Michal Teply is over, Michal Teply is back on ice.
19:14 of 2nd period - Snap shot by Gage Goncalves.
19:14 of 2nd period - Deflect By Martin Chromiak.
19:14 of 2nd period - Shot Misses the Net.
19:14 of 2nd period - Puck is out of play.
19:15 of 2nd period - Michael Eyssimont wins face-off versus Gage Goncalves in Rochester Americans zone.
19:28 of 2nd period - Wrist shot by Pierre-Olivier Joseph.
19:28 of 2nd period - Stopped by Alex Nedeljkovic without a rebound.
19:29 of 2nd period - Rhett Gardner wins face-off versus Kevin Rooney in Rochester Americans zone.
19:59 of 2nd period - Icing by Jack St. Ivany.
Goals for this period are 0 for Drummondville Voltigeurs vs 1 for Rochester Americans.
Shots for this period are 12 for Drummondville Voltigeurs vs 6 for Rochester Americans.

3rd period


0:01 of 3rd period - Jean-Sebastien Dea wins face-off versus Rhett Gardner in neutral zone.
0:04 of 3rd period - Backhand shot by Julien Gauthier.
0:04 of 3rd period - Stopped by Alex Nedeljkovic with a rebound.
0:06 of 3rd period - Slapshot by Pierre-Olivier Joseph.
0:06 of 3rd period - Deflect By Jacob Lucchini.
0:06 of 3rd period - Stopped by Alex Nedeljkovic without a rebound.
0:07 of 3rd period - Rhett Gardner wins face-off versus Julien Gauthier in Rochester Americans zone.
0:36 of 3rd period - Slapshot by Michael Eyssimont.
0:36 of 3rd period - Shot Misses the Net.
0:38 of 3rd period - Slapshot by Gavin Bayreuther.
0:38 of 3rd period - Shot Blocked by Pierre-Olivier Joseph.
0:43 of 3rd period - Minor Penalty to Xavier Ouellet for Holding.
0:44 of 3rd period - Jean-Sebastien Dea wins face-off versus Michael Eyssimont in Drummondville Voltigeurs zone.
2:43 of 3rd period - Penalty to Xavier Ouellet is over, Xavier Ouellet is back on ice.
2:56 of 3rd period - Slapshot by Ville Heinola.
2:56 of 3rd period - Shot Misses the Net.
3:57 of 3rd period - Snap shot by Jake Neighbours.
3:57 of 3rd period - Shot Blocked by Austin Strand.
4:11 of 3rd period - Joe Snively is hit by Gage Goncalves and loses puck.
4:24 of 3rd period - Jacob Lucchini is hit by Boris Katchouk and loses puck.
5:28 of 3rd period - Icing by Adam Wilsby.
5:29 of 3rd period - Rhett Gardner wins face-off versus Gage Goncalves in Rochester Americans zone.
5:29 of 3rd period - Rhett Gardner is hit by Gage Goncalves.
5:35 of 3rd period - Backhand shot by Michael Pezzetta.
5:35 of 3rd period - Stopped by Arturs Silovs without a rebound.
5:36 of 3rd period - Martin Chromiak wins face-off versus Arnaud Durandeau in Drummondville Voltigeurs zone.
5:47 of 3rd period - Snap shot by Seth Griffith.
5:47 of 3rd period - Shot Hit the Post.
5:49 of 3rd period - Snap shot by Seth Griffith.
5:49 of 3rd period - Shot Misses the Net.
5:51 of 3rd period - Wrist shot by Seth Griffith.
5:51 of 3rd period - Shot Misses the Net.
8:06 of 3rd period - Snap shot by Michal Teply.
8:06 of 3rd period - Shot Misses the Net.
8:14 of 3rd period - Snap shot by Michal Teply.
8:14 of 3rd period - Stopped by Alex Nedeljkovic with a rebound.
8:20 of 3rd period - Martin Chromiak is hit by Brendan Brisson and loses puck.
8:41 of 3rd period - Wrist shot by Martin Chromiak.
8:41 of 3rd period - Goal by Martin Chromiak - Drummondville Voltigeurs : 1 - Rochester Americans : 2.
8:42 of 3rd period - Michael Eyssimont wins face-off versus Jean-Sebastien Dea in neutral zone.
8:44 of 3rd period - Off-side.
8:45 of 3rd period - Jean-Sebastien Dea wins face-off versus Michael Eyssimont in neutral zone.
9:10 of 3rd period - Snap shot by Gage Goncalves.
9:10 of 3rd period - Stopped by Alex Nedeljkovic with a rebound.
9:12 of 3rd period - Slapshot by Xavier Ouellet.
9:12 of 3rd period - Shot Blocked by Jack St. Ivany.
9:14 of 3rd period - Snap shot by Michal Teply.
9:14 of 3rd period - Stopped by Alex Nedeljkovic with a rebound.
9:16 of 3rd period - Snap shot by Gage Goncalves.
9:16 of 3rd period - Shot Misses the Net.
9:18 of 3rd period - Slapshot by Gage Goncalves.
9:18 of 3rd period - Stopped by Alex Nedeljkovic without a rebound.
9:19 of 3rd period - Rhett Gardner wins face-off versus Jean-Sebastien Dea in Rochester Americans zone.
9:30 of 3rd period - Julien Gauthier is hit by Rhett Gardner and loses puck.
10:13 of 3rd period - Slapshot by Joe Snively.
10:13 of 3rd period - Shot Misses the Net.
10:15 of 3rd period - Snap shot by Jesper Froden.
10:15 of 3rd period - Shot Hit the Post.
10:17 of 3rd period - Slapshot by Jesper Froden.
10:17 of 3rd period - Stopped by Arturs Silovs without a rebound.
10:18 of 3rd period - Jean-Sebastien Dea wins face-off versus Michael Eyssimont in Drummondville Voltigeurs zone.
10:18 of 3rd period - Jean-Sebastien Dea is hit by Jack St. Ivany.
10:31 of 3rd period - Snap shot by Seth Griffith.
10:31 of 3rd period - Shot Misses the Net.
10:33 of 3rd period - Snap shot by Jack St. Ivany.
10:33 of 3rd period - Stopped by Arturs Silovs with a rebound.
11:05 of 3rd period - Austin Strand is hit by Simon Holmstrom and loses puck.
11:10 of 3rd period - Snap shot by Jake Neighbours.
11:10 of 3rd period - Shot Hit the Post.
11:12 of 3rd period - Slapshot by Pierre-Olivier Joseph.
11:12 of 3rd period - Shot Hit the Post.
11:14 of 3rd period - Backhand shot by Simon Holmstrom.
11:14 of 3rd period - Shot Misses the Net.
11:29 of 3rd period - Icing by Austin Strand.
11:30 of 3rd period - Rhett Gardner wins face-off versus Gage Goncalves in Rochester Americans zone.
11:51 of 3rd period - Snap shot by Jacob Lucchini.
11:51 of 3rd period - Goal by Jacob Lucchini - Drummondville Voltigeurs : 1 - Rochester Americans : 3.
11:52 of 3rd period - Michael Eyssimont wins face-off versus Jean-Sebastien Dea in neutral zone.
12:03 of 3rd period - Slapshot by Pierre-Olivier Joseph.
12:03 of 3rd period - Stopped by Alex Nedeljkovic without a rebound.
12:04 of 3rd period - Michael Eyssimont wins face-off versus Julien Gauthier in Rochester Americans zone.
12:15 of 3rd period - Snap shot by Jean-Sebastien Dea.
12:15 of 3rd period - Goal by Jean-Sebastien Dea - Drummondville Voltigeurs : 2 - Rochester Americans : 3.
12:16 of 3rd period - Michael Eyssimont wins face-off versus Jean-Sebastien Dea in neutral zone.
12:22 of 3rd period - Minor Penalty to Jack St. Ivany for Kneeing.
12:23 of 3rd period - Justin Danforth wins face-off versus Jean-Sebastien Dea in Rochester Americans zone.
12:31 of 3rd period - Slapshot by Jean-Sebastien Dea.
12:31 of 3rd period - Shot Misses the Net.
12:33 of 3rd period - Slapshot by Julien Gauthier.
12:33 of 3rd period - Shot Blocked by Gavin Bayreuther.
12:35 of 3rd period - Snap shot by Xavier Ouellet.
12:35 of 3rd period - Shot Blocked by Gavin Bayreuther.
12:37 of 3rd period - Backhand shot by Pierre-Olivier Joseph.
12:37 of 3rd period - Deflect By Boris Katchouk.
12:37 of 3rd period - Shot Misses the Net.
12:37 of 3rd period - Puck is out of play.
12:38 of 3rd period - Jean-Sebastien Dea wins face-off versus Joshua Dunne in Rochester Americans zone.
14:22 of 3rd period - Penalty to Jack St. Ivany is over, Jack St. Ivany is back on ice.
14:23 of 3rd period - Michal Teply is hit by Michael Pezzetta and loses puck.
15:04 of 3rd period - Arnaud Durandeau is hit by Martin Chromiak and loses puck.
15:54 of 3rd period - Rourke Chartier is hit by Pierre-Olivier Joseph and loses puck.
16:03 of 3rd period - Snap shot by Mitchell Chaffee.
16:03 of 3rd period - Shot Misses the Net.
18:37 of 3rd period - Seth Griffith is hit by Kristian Reichel and loses puck.
18:52 of 3rd period - Slapshot by Jean-Sebastien Dea.
18:52 of 3rd period - Stopped by Alex Nedeljkovic with a rebound.
18:54 of 3rd period - Backhand shot by Julien Gauthier.
18:54 of 3rd period - Shot Blocked by Arnaud Durandeau.
18:56 of 3rd period - Backhand shot by Simon Nemec.
18:56 of 3rd period - Shot Misses the Net.
18:58 of 3rd period - Wrist shot by Jean-Sebastien Dea.
18:58 of 3rd period - Deflect By Julien Gauthier.
18:58 of 3rd period - Shot Misses the Net.
18:58 of 3rd period - Puck is out of play.
18:59 of 3rd period - Benoit Groulx call a timeout for Drummondville Voltigeurs.
18:59 of 3rd period - Arnaud Durandeau wins face-off versus Jean-Sebastien Dea in Rochester Americans zone.
19:00 of 3rd period - Drummondville Voltigeurs, Arturs Silovs is pulled from the net.
19:54 of 3rd period - Simon Nemec is hit by Jesper Froden and loses puck.
19:58 of 3rd period - Icing by Ville Heinola.
19:59 of 3rd period - Arturs Silovs from Drummondville Voltigeurs was sent back in the game.
19:59 of 3rd period - Jean-Sebastien Dea wins face-off versus Jesper Froden in Drummondville Voltigeurs zone.
Goals for this period are 2 for Drummondville Voltigeurs vs 1 for Rochester Americans.
Shots for this period are 10 for Drummondville Voltigeurs vs 4 for Rochester Americans.




Output by the SimonT Hockey Simulator (STHS) for Eric Tremblay - Original Page W3C HTML5 Valid
Hockey Simulator - Hockey Simulation - Hockey Manager